 Dungeon Crawl Stone Soup version 0.27.1-34-g3ba077fa99 (webtiles) character file.

Game seed: 3535878954558902208

354 Delamore the Covert (level 6, 0/39 HPs)
             Began as an Octopode Brigand on Feb 14, 2022.
             Engulfed by a steam dragon's steam (17 damage)
             ... on level 4 of the Dungeon.
             The game lasted 00:04:13 (4634 turns).

Delamore the Covert (Octopode Brigand)              Turns: 4634, Time: 00:04:13

Health: 0/39       AC:  1    Str: 10    XL:     6   Next: 62%
Magic:  6/6        EV: 13    Int: 13    God:
Gold:   180        SH:  0    Dex: 16    Spells: 3/5 levels left

rFire    . . .     SeeInvis .   p - +7 flail of Ravage {freeze, rN+ Will++ Stlth+}
rCold    . . .     Faith    .   (no shield)
rNeg     + . .     Spirit   .   (helmet restricted)
rPois    .         Reflect  .   (no amulet)
rElec    .         Harm     .   (no ring)
rCorr    .         Rampage  .   (no ring)
Will     ++...                  (no ring)
Stlth    ++++++....             (no ring)
HPRegen  0.13/turn              (no ring)
MPRegen  0.10/turn              (no ring)
                                (no ring)
                                (no ring)

@: no status effects
A: almost no armour, amphibious, 8 rings, camouflage 1, gelatinous body 1,
(nimble swimmer 1), tentacles
a: no special abilities


You were on level 4 of the Dungeon.
You visited 1 branch of the dungeon, and saw 4 of its levels.

You collected 268 gold pieces.
You spent 88 gold pieces at shops.

Inventory:

Hand Weapons
 a - a +2 dagger
 p - the +7 flail of Ravage (weapon) {freeze, rN+ Will++ Stlth+}
   (You found it on level 4 of the Dungeon)

   It freezes those it strikes, dealing additional cold damage.
   It can also slow down cold-blooded creatures.
   rN:        It protects you from negative energy.
   Will:      It greatly increases your willpower.
   Stlth:     It makes you more stealthy.
Missiles
 b - 5 poisoned darts
 c - 7 javelins (quivered)
 n - a curare-tipped dart
Scrolls
 f - a scroll of amnesia
 h - a scroll of vulnerability
 i - a scroll of enchant weapon
 k - a scroll of holy word
 m - a scroll of fog {unknown}
Potions
 d - a potion of berserk rage
 e - 2 potions of curing
 g - 2 potions of heal wounds
 j - 4 potions of degeneration {unknown}
 l - a potion of attraction {unknown}
 o - a potion of mutation {unknown}


   Skills:
 - Level 2.0 Fighting
 + Level 4.2 Short Blades
 + Level 2.0 Throwing
 - Level 1.0 Dodging
 * Level 9.3 Stealth


You had 3 spell levels left.
You knew the following spells:

 Your Spells              Type           Power      Damage    Failure   Level
a - Blink                 Tloc           N/A        N/A       43%         2

Your spell library contained the following spells:

 Spells                   Type           Power      Damage    Failure   Level
 Magic Dart               Conj           0%         1d3       30%         1
 Call Imp                 Summ           0%         N/A       43%         2
 Mephitic Cloud           Conj/Pois/Air  0%         N/A       67%         3
 Manifold Assault         Tloc           0%         N/A       100%        5
 Storm Form               Tmut/Air       0%         N/A       100%        7


Dungeon Overview and Level Annotations

Branches:
Dungeon (4/15)
 Temple: D:4-7

Altars:
Trog
Zin

Shops:
D:2 [!:

Annotations:
D:3 3 runed translucent doors, Tinylith's ghost, amateur GrBe


Innate Abilities, Weirdness & Mutations

You cannot wear most types of armour.
You are amphibious.
You can wear up to eight rings at the same time.
Your skin changes colour to match your surroundings (Stealth+).
Your rubbery body absorbs attacks. (AC +1, EV +1)
((You are camouflaged near water. (Stealth+)))
You have tentacles for arms and can constrict up to eight enemies at once.


Message History

There is an open door here.
The +7 flail of Ravage {freeze, rN+ Will++ Stlth+} glows with a cold blue light!
p - the +7 flail of Ravage (weapon)
{freeze, rN+ Will++ Stlth+} You start resting.
HP restored.
You open the door.
There is an open door here.
Found a glowing whip.
Found a stone staircase leading up.
You open the door.
There is an open door here.
Found a hunting sling.
No target in view!
An adder comes into view.
An adder is nearby!
An adder is nearby!
Found an aquamarine-studded leather armour.
A steam dragon comes into view.
The helpless adder fails to defend itself.
You sock the adder! You freeze the adder.
You kill the adder!
You see here an adder corpse.
The helpless steam dragon fails to defend itself.
You hit the steam dragon. You freeze the steam dragon.
The steam dragon is lightly wounded.
The steam dragon misses you. The steam dragon claws you.
The steam dragon breathes steam at you. The ball of steam hits you!
You're standing in a cloud of steam!
You hit the steam dragon. You freeze the steam dragon.
Your squeeze misses the steam dragon.
The steam dragon is moderately wounded.
You are engulfed in a cloud of scalding steam.
The steam dragon barely misses you. x2
You are too injured to fight recklessly!
You hit the steam dragon. You freeze the steam dragon.
Your squeeze misses the steam dragon.
The steam dragon is heavily wounded.
You are engulfed in a cloud of scalding steam.
You die...

#..+......+
#.##......####+##
#.##....)........
...+.............
#.##.............
#.#.......)......
#.######§#§.............
#.....D@§.§†............
########§#§######.......
#.#.# #<....... #.#.#
#........ #.#.#
#.####'## #.#.# #.# #.#
#.#.# #.# #.# #.#.. ..#
#.# ### #.#


You could see a steam dragon (catching breath).

Vanquished Creatures
  A hound (D:3)
  3 orc priests (D:3)
  2 bullfrog skeletons (D:4)
  An orc wizard (D:3)
  2 hound skeletons (D:4)
  4 gnolls
  2 adders
  An ufetubus (D:3)
  A worm (D:4)
  3 dart slugs
  3 orcs
  A bat (D:3)
  8 endoplasms
  4 giant cockroaches
  4 goblins
  6 hobgoblins
  5 kobolds
  3 quokkas
  4 ball pythons
  2 frilled lizards
  8 rats
68 creatures vanquished.

Notes
Turn   | Place    | Note
-------+----------+-------------------------------------------
     0 | D:1      | Delamore the Octopode Brigand began the quest for the Orb.
     0 | D:1      | Reached XP level 1. HP: 14/14 MP: 1/1
   450 | D:1      | Reached XP level 2. HP: 19/19 MP: 2/2
   621 | D:1      | Reached skill level 6 in Stealth
  1088 | D:2      | Found a glowing silver altar of Zin.
  1154 | D:2      | Reached XP level 3. HP: 24/24 MP: 3/3
  1196 | D:2      | Found Elameoho's Antique Armour Shoppe.
  1346 | D:2      | Found Kuciegrya's Distillery.
  1371 | D:2      | Bought a potion of heal wounds for 55 gold pieces
  1451 | D:2      | Found Fogoirar's Book Emporium.
  1555 | D:3      | Found a faded altar of an unknown god.
  1747 | D:3      | Found a runed translucent gate.
  1747 | D:3      | Found a runed translucent gate.
  1747 | D:3      | Found a runed translucent gate.
  1749 | D:3      | Noticed Tinylith's ghost (amateur GrBe)
  2067 | D:3      | Reached skill level 7 in Stealth
  2067 | D:3      | Reached XP level 4. HP: 29/29 MP: 4/4
  2214 | D:3      | Reached XP level 5. HP: 34/34 MP: 5/5
  2432 | D:3      | Reached skill level 8 in Stealth
  2788 | D:2      | Bought a potion of curing for 33 gold pieces
  3332 | D:3      | Reached XP level 6. HP: 17/39 MP: 6/6
  3974 | D:4      | Reached skill level 9 in Stealth
  4401 | D:4      | Noticed a moth of wrath
  4409 | D:4      | Learned a level 2 spell: Blink
  4413 | D:4      | Found a bloodstained altar of Trog.
  4444 | D:4      | Identified the +7 flail of Ravage {freeze, rN+ Will++
                  | Stlth+}
  4624 | D:4      | Noticed a steam dragon
  4634 | D:4      | Engulfed by a steam dragon's steam

Illustrated notes

Levels and vault maps discovered:
D:1:      minmay_arrival_four_houses, layout_basic, minmay_pentomino_p2
D:2:      layout_rooms, basic_altar, serial_shops, shop,
          nicolae_shop_behind_doors, nicolae_shop_stone
D:3:      layout_rooms, ebering_ghost_rock_garden, basic_ecumenical_altar
D:4:      layout_basic, tgw_trog

Skill      XL: |  1  2  3  4  5  6 |
---------------+-------------------+-----
Stealth        | 6 7 8 9 |  9.3
Short Blades   | 3 4 |  4.2
Fighting       | |  2.0
Throwing       | |  2.0
Dodging        | |  1.0

Action                   |  1- 3 |  4- 6 || total
-------------------------+-------+-------++-------
Melee: Dagger            |    57 |    78 ||   135
       Constrict         |    13 |    14 ||    27
       Tentacles         |     9 |    11 ||    20
       Flail             |       |     4 ||     4
Throw: Dart              |     1 |    18 ||    19
       Javelin           |       |     2 ||     2
  Use: Scroll            |     3 |     2 ||     5
 Stab: Sleeping          |    18 |    10 ||    28
       Distracted        |       |     2 ||     2
Armor: Skin              |     2 |     7 ||     9
Dodge: Dodged            |    20 |    60 ||    80
